 Dungeon Crawl Stone Soup version 0.28.0-53-g5a82cb258f (webtiles) character file.

Game seed: 430445327411926004

135 Zeld the Digger (level 5, 0/28 HPs)
             Began as a Gargoyle Earth Elementalist on June 2, 2022.
             Slain by an adder (1 damage)
             ... in a sewer.
             The game lasted 00:03:12 (2963 turns).

Zeld the Digger (Gargoyle Earth Elementalist)       Turns: 2963, Time: 00:03:13

Health: 0/28       AC:  6    Str: 11    XL:     5   Next: 18%
Magic:  0/10       EV: 11    Int: 18    God:
Gold:   123        SH:  0    Dex: 10    Spells: 0/10 levels left

rFire   . . .      SeeInvis .   (no weapon)
rCold   . . .      Faith    .   (no shield)
rNeg    + . .      Spirit   .   b - +0 robe
rPois   ∞          Reflect  .   (no helmet)
rElec   +          Harm     .   (no cloak)
rCorr   .          Rampage  .   (no gloves)
Will    +....                   (no boots)
Stlth   ++........              (no amulet)
HPRegen 0.09/turn               f - ring of willpower
MPRegen 0.12/turn               (no ring)

@: very slightly contaminated
A: sickness immunity, AC +4, negative energy resistance 1, electricity
resistance, torment resistance 1, petrification resistance
a: no special abilities


You were in a sewer.
You visited 1 branch of the dungeon, and saw 4 of its levels.
You also visited: Sewer.

You collected 123 gold pieces.

Inventory:

Missiles
 a - 7 arrows
Armour
 b - a +0 robe (worn)
Jewellery
 f - a ring of willpower (left hand)
Scrolls
 d - a scroll of blinking {unknown}
 e - 4 scrolls of enchant weapon {unknown}
 h - a scroll of identify {unknown}
 j - a scroll of acquirement {unknown}
 k - a scroll of magic mapping {unknown}
Potions
 c - 2 potions of haste {unknown}
 g - a potion of ambrosia {unknown}
 i - a potion of flight {unknown}


   Skills:
 - Level 1.5 Dodging
 - Level 2.1 Stealth
 * Level 3.3 Spellcasting
 + Level 1.8 Transmutations
 * Level 5.1 Earth Magic


You couldn't memorise any spells.
You knew the following spells:

 Your Spells              Type           Power      Damage    Failure   Level
a - Sandblast             Erth           42%        2d11      1%          1
b - Passwall              Tmut/Erth      12%        N/A       5%          2
c - Stone Arrow           Conj/Erth      24%        3d8       16%         3
d - Petrify               Tmut/Erth      15%        N/A       36%         4

Your spell library contained the following spells:

 Spells                   Type           Power      Damage    Failure   Level


Dungeon Overview and Level Annotations

Branches:
Dungeon (4/15)              Sewer (1/1)
 Temple: D:4-7

Altars:
Sif Muna

Annotations:
D:3 Grinder


Innate Abilities, Weirdness & Mutations

You are immune to sickness and miasma.
Your stone body is resilient. (AC +4)
You are immune to poison.
You resist negative energy. (rN+)
You are resistant to electric shocks. (rElec)
You are resistant to unholy torment.
You are immune to petrification.


Message History

You see here a frilled lizard corpse.
The adder barely misses you. x2; The adder misses you.
The adder bites you. The adder barely misses you. The adder misses you.
The adder barely misses you. The adder bites you but does no damage.
The adder bites you. The adder bites you but does no damage.
The adder bites you. The adder barely misses you. The adder barely misses you.
Casting: Stone Arrow (quite dangerous; 17% risk of failure)
Confirm with . or Enter, or press ? or * to list all spells.
The spell is quite dangerous to miscast (17% risk of failure)!
Continue anyway?
Aiming: Stone Arrow (quite dangerous; 17% risk of failure)
Press: ? - help, Shift-Dir - straight line, f/p - adder
Aim: an adder (48% to hit)
The stone arrow hits the adder!
You kill the adder!
The adder bites you.
* * * LOW HITPOINT WARNING * * *
Casting: Stone Arrow (quite dangerous; 16% risk of failure)
Confirm with . or Enter, or press ? or * to list all spells.
The spell is quite dangerous to miscast (16% risk of failure)!
Continue anyway?
Aiming: Stone Arrow (quite dangerous; 16% risk of failure)
Press: ? - help, Shift-Dir - straight line, f/p - adder
Aim: an adder (48% to hit)
You miscast Stone Arrow.
You are very lightly contaminated with residual magic.
Nothing appears to happen.
The adder bites you.
* * * LOW HITPOINT WARNING * * *
Casting: Stone Arrow (quite dangerous; 16% risk of failure)
Confirm with . or Enter, or press ? or * to list all spells.
The spell is quite dangerous to miscast (16% risk of failure)!
Continue anyway?
Aiming: Stone Arrow (quite dangerous; 16% risk of failure)
Press: ? - help, Shift-Dir - straight line, f/p - adder
Aim: an adder (48% to hit)
You miscast Stone Arrow.
You are blasted with sand.
The adder bites you.
* * * LOW HITPOINT WARNING * * *
Unknown command.
There is an empty arch of ancient stone here.
The adder bites you.
You die...

### ≈≈≈≈≈≈≈.#
#.# ≈≈≈≈≈≈≈.#
#∩# ≈≈≈≈≈≈≈.#
#@# ≈≈≈.≈≈≈.#
#S# ≈≈≈.≈≈≈.#
#B# ≈≈≈.≈≈≈.#
#†#
≈≈≈.≈≈≈.###≈##
#.≈≈≈.##.≈.#
#.≈≈≈.##≈≈≈#
#.≈≈≈.##≈≈.#
#.≈≈≈†##.†.#


You could see an adder and a giant cockroach.

Vanquished Creatures
  3 gnolls (D:2)
  6 adders
  An adder skeleton (D:4)
  2 worms (D:2)
  A dart slug (D:2)
  6 ball pythons
  An endoplasm (D:2)
  A giant cockroach (Sewer)
  3 goblins (D:1)
  6 hobgoblins
  3 quokkas
  6 frilled lizards
  2 kobolds
  4 rats
  A spectral goblin (D:1)
46 creatures vanquished.

Notes
Turn   | Place    | Note
-------+----------+-------------------------------------------
     0 | D:1      | Zeld the Gargoyle Earth Elementalist began the quest for
                  | the Orb.
     0 | D:1      | Reached XP level 1. HP: 10/10 MP: 3/3
   251 | D:1      | Found a faded altar of an unknown god.
   366 | D:1      | Reached skill level 1 in Transmutations
   366 | D:1      | Reached XP level 2. HP: 15/15 MP: 3/5
   369 | D:1      | Learned a level 2 spell: Passwall
   417 | D:1      | You fall into a shaft and drop 1 floor!
   436 | D:2      | Reached skill level 4 in Earth Magic
   596 | D:2      | Reached XP level 3. HP: 19/19 MP: 3/6
   642 | D:2      | Learned a level 3 spell: Stone Arrow
  1198 | D:2      | Reached XP level 4. HP: 16/24 MP: 1/8
  1799 | D:2      | Reached skill level 5 in Earth Magic
  2264 | D:2      | Reached XP level 5. HP: 28/28 MP: 2/9
  2269 | D:2      | Learned a level 4 spell: Petrify
  2476 | D:3      | Found a shimmering blue altar of Sif Muna.
  2541 | D:3      | Noticed Grinder
  2779 | D:4      | Found a glowing drain.
  2784 | Sewer    | Entered a sewer
  2961 | Sewer    | HP: 1/28 [adder (3)]
  2963 | Sewer    | Slain by an adder

Illustrated notes

Levels and vault maps discovered:
D:1:      dpeg_arrival_rhombus, layout_loops_ring,
          dreamdust_ecumenical_altar_drowned_temple, minivault_25
D:2:      layout_loops_ring, minmay_door_square
D:3:      layout_rooms, mainiacjoe_overflow_six_doors_small,
          serial_corexii_hall, chequers_hall_statues_y, corexii_hall_statues_u,
          minmay_misc_feat_cross, minmay_misc_feat_five, minmay_box_of_dots,
          uniq_grinder
D:4:      layout_cave_pools, portal_sewer_entry_e, minmay_shop_damaged
Sewer:    sewer_frog_island_01

Skill      XL: |  1  2  3  4 |
---------------+-------------+-----
Transmutations | 1 |  1.8
Earth Magic    | 4 5 |  5.1
Spellcasting   | 3 |  3.3
Dodging        | |  1.5
Stealth        | |  2.1

Action                   |  1- 3 |  4- 6 || total
-------------------------+-------+-------++-------
Melee: Unarmed           |     7 |    11 ||    18
 Cast: Sandblast         |    35 |     6 ||    41
       Stone Arrow       |       |    22 ||    22
 Stab: Sleeping          |     1 |       ||     1
Armor: Robe              |     6 |    18 ||    24
Dodge: Dodged            |    10 |    29 ||    39
